AoeStats
← 乳不巨何以聚人心

Nomad

510168571Analyzed
2v2 RM · 3d ago on Sep 29, 2026· 40m 54s· 4 players
Game mode
Random Map
Map size
176×176
Population
200
Speed
Normal
Resources
Standard
Victory
Conquest
Starting age
Dark Age
Ending age
Imperial Age
RankedLock teamsTeams togetherTeam positionsShared explorationLock speedFull tech treeHidden civsTurbo modeCheats
Victory
Defeat
🇩🇪 Byzantines · Germany
1198
+14
🇩🇪 Vietnamese · Germany
1183
+14
🇭🇰 Varangians · Hong Kong SAR China
1151
-14
🇭🇰 Malians · Hong Kong SAR China
1135
-14
schniggo
4:08 Loom
12:27 Feudal Age
13:21 Double-Bit Axe
13:30 Gold Mining
13:23 Horse Collar
18:44 Fishing Lines
22:44 Castle Age
20:40 Stone Mining
22:01 Horse Collar
22:16 Fletching
22:26 Padded Archer Armor
23:57 Bow Saw
24:12 Gillnets
26:33 Stone Shaft Mining
26:09 Town Watch
26:58 Bodkin Arrow
27:18 Leather Archer Armor
29:34 Wheelbarrow
31:59 Thumb Ring
35:19 Ballistics
38:00 Imperial Age
36:52 Hand Cart
38:10 Scale Barding Armor
38:10 Elite Rattan Archer
39:17 Bracer
41:07 Ring Archer Armor
41:59 Chemistry
41:17 Bloodlines
41:07 Husbandry
JoeDreck
3:23 Loom
13:18 Feudal Age
13:24 Man-at-Arms
14:29 Double-Bit Axe
17:52 Fletching
22:33 Fishing Lines
27:09 Castle Age
25:39 Horse Collar
26:51 Padded Archer Armor
26:53 Gold Mining
26:55 Stone Mining
27:42 Gillnets
27:16 Crossbowman
27:58 Bodkin Arrow
28:47 Gold Shaft Mining
29:25 Bow Saw
31:52 Wheelbarrow
32:42 Ballistics
32:48 Leather Archer Armor
35:24 Imperial Age
35:22 Thumb Ring
37:15 Capped Ram
37:56 Bracer
38:26 Ring Archer Armor
39:07 Arbalester
41:34 Hand Cart
kyy
5:12 Loom
12:49 Feudal Age
17:26 Castle Age
20:23 Horse Collar
23:37 Double-Bit Axe
26:41 Bow Saw
26:54 Gold Mining
27:51 Arson
28:06 Squires
28:15 Scale Mail Armor
32:53 Chain Mail Armor
32:48 Forging
36:51 Imperial Age
38:35 Plate Mail Armor
39:18 Iron Casting
40:27 Wheelbarrow
41:01 Conscription
乳不巨何以聚人心
4:20 Loom
14:17 Feudal Age
14:18 Man-at-Arms
20:29 Wheelbarrow
24:26 Castle Age
23:35 Double-Bit Axe
26:35 Hand Cart
27:40 Bow Saw
29:19 Husbandry
37:14 Scale Barding Armor
Connection lost

Rejoining the realm…

Still unreachable

The connection could not be restored.

Session expired

The server has moved on; the page needs a fresh start.